 Dungeon Crawl Stone Soup version 0.29.1-1-gd02db6906a (webtiles) character file.

Game seed: 8235411988292517896

14669 Linkola the Spear-Bearer (level 11, -20/97 HPs)
             Began as a Minotaur Berserker on Sept 19, 2022.
             Was a High Priest of Trog.
             Killed from afar by a frost giant (57 damage)
             ... with a bolt of cold
             ... on level 11 of the Dungeon on Sept 20, 2022.
             The game lasted 00:52:07 (11386 turns).

Linkola the Spear-Bearer (Minotaur Berserker)      Turns: 11386, Time: 00:52:08

Health: -20/97     AC: 19    Str: 30    XL:     11   Next: 91%
Magic:  19/19      EV: 13    Int: 14    God:    Trog [*****.]
Gold:   1048       SH:  0    Dex: 12    Spells: 10/10 levels left

rFire   . . .      SeeInvis .   e - +7 glaive of the Elven Halls {vorpal, rN+ rCorr}
rCold   . . .      Faith    .   (shield currently unavailable)
rNeg    + . .      Spirit   .   a - +5 ring mail of Valour {Rampage Dex+2}
rPois   .          Reflect  .   (helmet restricted)
rElec   .          Harm     .   (no cloak)
rCorr   +          Rampage  +   (no gloves)
Will    .....                   n - +2 pair of boots
Stlth   +.........              (no amulet)
HPRegen 0.26/turn               s - +4 ring of protection
MPRegen 0.16/turn               q - ring of Jealousy {MP+9 Str+4 Int+10}

@: no status effects
A: horns 2, retaliatory headbutt
a: Renounce Religion, Berserk, Trog's Hand, Brothers in Arms


You were on level 11 of the Dungeon.
You worshipped Trog.
Trog was extremely pleased with you.
You visited 2 branches of the dungeon, and saw 12 of its levels.

You collected 1686 gold pieces.
You spent 638 gold pieces at shops.

Inventory:

Hand Weapons
 e - the +7 glaive of the Elven Halls (weapon) {vorpal, rN+ rCorr}
   (You acquired it on level 2 of the Dungeon)

   It inflicts extra damage upon your enemies.
   rN:        It protects you from negative energy.
   rCorr:     It protects you from acid and corrosion.
 G - the +7 Singing Sword {vorpal, sonic wave}
   (You found it on level 9 of the Dungeon)

   It inflicts extra damage upon your enemies.
   It radiates damaging sonic waves as it strikes, especially in combat
   involving dangerous or numerous foes.
Missiles
 k - 5 stones (quivered)
 l - 9 boomerangs
 m - 47 poisoned darts
 C - 4 javelins
Armour
 a - the +5 ring mail of Valour (worn) {Rampage Dex+2}
   (You acquired it on level 6 of the Dungeon)

   Dex:       It affects your dexterity (+2).
   Rampage:   It bestows one free step when moving towards enemies.
 n - a +2 pair of boots (worn)
Jewellery
 i - a ring of protection from fire
 q - the ring of Jealousy (right hand) {MP+9 Str+4 Int+10}
   (You found it on level 4 of the Dungeon)

   [ring of magical power]

   Str:       It affects your strength (+4).
   Int:       It affects your intelligence (+10).
   MP:        It affects your magic capacity (+9).
 s - a +4 ring of protection (left hand)
 A - a ring of resist corrosion
Wands
 v - a wand of light (10)
 x - a wand of iceblast (8)
 z - a wand of mindburst (10)
 D - a wand of polymorph (11)
Scrolls
 g - 2 scrolls of butterflies
 r - a scroll of summoning
 w - 3 scrolls of teleportation
 y - 2 scrolls of fear
 B - 5 scrolls of blinking
 E - a scroll of magic mapping {unknown}
Potions
 b - 3 potions of curing
 c - 2 potions of resistance
 d - 2 potions of haste
 f - 5 potions of ambrosia
 h - 3 potions of might
 j - a potion of berserk rage
 o - a potion of invisibility {unknown}
 t - 2 potions of heal wounds
 u - a potion of flight {unknown}
Miscellaneous
 p - a phial of floods


   Skills:
 + Level 9.1 Fighting
 + Level 4.6 Maces & Flails
 + Level 13.9 Polearms
 + Level 11.1 Throwing
 + Level 8.3 Armour
 + Level 5.2 Dodging


You had 10 spell levels left.
You didn't know any spells.
Your spell library was empty.

Dungeon Overview and Level Annotations

Branches:
Dungeon (11/15)            Temple (0/1) D:6            Lair (1/5) D:10
    Orc: D:9-12

Altars:
Cheibriados
Elyvilon
Sif Muna
Uskayaw
Vehumet
Wu Jian

Shops:
D:4 =   D:9 ?


Innate Abilities, Weirdness & Mutations

You have a pair of horns on your head.
You reflexively headbutt those who attack you in melee.


Message History

Things that are here:
a +1 dagger of distortion; a +0 robe; the human corpse of Psyche
Items here: ††††.
There are no objects that can be picked up here. a vampire mosquito corpse x2; a yak corpse x2
E - a scroll labelled ALUTUA WEPLAXKIJ You feel yourself speed up.
Items here: ††††.
Things that are here:
a +1 dagger of distortion; a +0 robe; the human corpse of Psyche You recover from your berserk rage.
There is a stone staircase leading down here.
Things that are here:
a +1 dagger of distortion; a +0 robe; the human corpse of Psyche
Items here: ††††.
Items here: ))) [[ ††.
You open the door.
There is an open door here.
A frost giant comes into view.
It is wielding a +0 battleaxe of freezing.
The frost giant shouts!
The frost giant gestures at you while chanting.
The bolt of cold hits you!!
You reach to attack!
You slash the frost giant!
The frost giant is lightly wounded.
You slash the frost giant!
The frost giant is moderately wounded.
The frost giant closely misses you.
You slash the frost giant!
The frost giant is heavily wounded.
The frost giant casts a spell at you. The bolt of cold hits you!!
You feel much better.
The frost giant hits you with a +0 battleaxe of freezing!!
The frost giant freezes you.
You slice the frost giant!! You headbutt the frost giant!
The frost giant is almost dead.
The frost giant points at you and mumbles some strange words.
The bolt of cold hits you!!!
Ouch! That really hurt!
You die...

.....)##.......###..###.######...
......##.......# #..###.##.......
......##.......# #...............
......##.......#####.##.#........
......##......## ..####...♣♣.#...
......##......#. #.#.....♣..#...
##.############. #.'.###....#...
#.# ####C###.### ######... #†#
#..##@..######## #...# #)#######
#.#######......# #.###
#....>..###.# #.......# #.#
#..#........# #.#####.###.###
#....##.##### #.##......#....
##.####.# #.##.##.#.#.###
#.####.# #.......#.#.##. #......#
#.......#...... ########
####..##.......


You could see a frost giant.

Vanquished Creatures
  A two-headed ogre (D:10)
  Erica (D:11)
  Urug (D:11)
  Pikel (D:9)
  A cyclops (D:11)
  A manticore (D:11)
  A gargoyle (D:10)
  3 orange demons (D:10)
  Psyche (D:11)
  2 red devils (D:10)
  A vampire (D:10)
  3 wraiths
  A shadow (D:10)
  21 yaks
  5 wyverns
  2 basilisks (D:10)
  4 vampire mosquitoes (D:11)
  2 acid dragons
  Duvessa (D:5)
  4 water moccasins
  5 ice beasts
  3 orc warriors
  A black bear (D:6)
  A sky beast (D:8)
  An ogre (D:5)
  9 centaurs
  2 phantoms
  4 kobold brigands
  A necrophage (D:6)
  5 scorpions
  3 wights (D:7)
  Dowan (D:5)
  7 killer bees
  2 howler monkeys (D:9)
  4 orc priests
  A jelly (D:6)
  Ijyb (D:5)
  2 iguanas
  11 orc wizards
  Robin (D:2)
  9 adders
  A river rat (D:5)
  A shadow imp (D:5)
  2 white imps
  2 worms
  5 dart slugs
  30 orcs
  11 bats
  5 endoplasms
  2 giant cockroaches
  15 goblins
  3 hobgoblins
  A jackal (D:2)
  21 kobolds
  4 quokkas
  4 ball pythons
  2 frilled lizards
  A rat (D:2)
241 creatures vanquished.

Vanquished Creatures (others)
  21 fungi
  16 plants
37 creatures vanquished.

Grand Total: 278 creatures vanquished

Notes
Turn   | Place    | Note
-------+----------+-------------------------------------------
     0 | D:1      | Linkola the Minotaur Berserker began the quest for the Orb.
     0 | D:1      | Reached XP level 1. HP: 19/19 MP: 0/0
   190 | D:1      | Reached XP level 2. HP: 26/27 MP: 1/1
   519 | D:1      | Found a faded altar of an unknown god.
   914 | D:2      | Noticed Robin
   924 | D:1      | Reached XP level 3. HP: 5/33 MP: 2/2
  1194 | D:2      | Killed Robin
  1195 | D:2      | Reached skill level 1 in Throwing
  1197 | D:2      | Reached ** piety under Trog
  1239 | D:2      | Identified a scroll of acquirement
  1239 | D:2      | Acquired the +7 glaive of the Elven Halls {vorpal, rN+
                  | rCorr}
  1695 | D:2      | Reached skill level 1 in Polearms
  1695 | D:2      | Reached XP level 4. HP: 40/40 MP: 3/3
  2188 | D:3      | Reached skill level 2 in Polearms
  2191 | D:3      | Reached XP level 5. HP: 37/47 MP: 4/4
  3000 | D:4      | Reached skill level 3 in Polearms
  3092 | D:4      | Found a snail-covered altar of Cheibriados.
  3098 | D:4      | Identified the +7 long sword of the Magi {vorpal, rF-
                  | Will++}
  3122 | D:4      | Noticed a phantom
  3129 | D:4      | Killed a phantom
  3416 | D:4      | Identified the ring of Jealousy {MP+9 Str+4 Int+10}
  3652 | D:4      | Found Mokuj's Jewellery Shoppe.
  3686 | D:5      | Entered Level 5 of the Dungeon
  3697 | D:5      | Reached XP level 6. HP: 53/53 MP: 5/5
  3783 | D:5      | Reached skill level 4 in Polearms
  3910 | D:5      | Noticed Ijyb
  3918 | D:5      | Killed Ijyb
  3973 | D:5      | Reached skill level 5 in Polearms
  3973 | D:5      | Reached XP level 7. HP: 44/60 MP: 6/6
  4060 | D:5      | Found a glowing drain.
  4193 | D:5      | Noticed Dowan
  4194 | D:5      | Noticed Duvessa
  4207 | D:5      | Reached skill level 5 in Fighting
  4209 | D:5      | Killed Duvessa
  4210 | D:5      | Reached skill level 6 in Polearms
  4210 | D:5      | Killed Dowan
  4610 | D:6      | Reached XP level 8. HP: 68/68 MP: 7/7
  4642 | D:6      | Reached skill level 7 in Polearms
  4705 | D:6      | Acquired the +5 ring mail of Valour {Rampage Dex+2}
  4774 | D:6      | Found a staircase to the Ecumenical Temple.
  4791 | D:6      | Reached skill level 5 in Armour
  5008 | D:6      | Reached skill level 5 in Throwing
  5354 | D:6      | Reached *** piety under Trog
  5429 | D:7      | Reached skill level 8 in Polearms
  5514 | D:7      | Found a shimmering blue altar of Sif Muna.
  5559 | D:7      | Found a flagged portal.
  5883 | D:7      | Reached XP level 9. HP: 75/75 MP: 8/8
  5910 | D:7      | Reached skill level 9 in Polearms
  6687 | D:8      | Reached **** piety under Trog
  7166 | D:8      | Reached skill level 10 in Polearms
  7217 | D:8      | Found a hide-covered altar of Uskayaw.
  7453 | D:9      | Reached XP level 10. HP: 84/84 MP: 9/9
  7737 | D:9      | Noticed Pikel
  7742 | D:9      | Killed Pikel
  7743 | D:9      | Reached skill level 11 in Polearms
  7813 | D:9      | Found Xutrym's Magic Scroll Shop.
  8003 | D:9      | Found a radiant altar of Vehumet.
  8120 | D:9      | Found the +7 Singing Sword {vorpal, sonic wave}
  8486 | D:10     | Entered Level 10 of the Dungeon
  8496 | D:10     | Reached skill level 12 in Polearms
  8496 | D:10     | Noticed an orange demon
  8498 | D:10     | Killed an orange demon
  8528 | D:10     | Noticed an orange demon
  8533 | D:10     | Killed an orange demon
  8540 | D:10     | Noticed an orange demon
  8549 | D:10     | Killed an orange demon
  8550 | D:10     | Reached XP level 11. HP: 44/94 MP: 10/10
  8877 | D:10     | Found a white marble altar of Elyvilon.
  8884 | D:10     | Reached ***** piety under Trog
  8985 | D:10     | Found a staircase to the Lair.
  9367 | D:10     | Reached skill level 10 in Throwing
  9552 | D:10     | Found an ornate altar of the Wu Jian Council.
  9703 | D:10     | Noticed a two-headed ogre
  9709 | D:10     | Killed a two-headed ogre
  9710 | D:10     | Reached skill level 13 in Polearms
  9931 | D:9      | Bought a scroll of acquirement for 572 gold pieces
  9931 | D:9      | Acquired 1069 gold pieces
  9933 | D:9      | Bought a scroll of identify for 22 gold pieces
  9933 | D:9      | Bought a scroll of identify for 22 gold pieces
  9933 | D:9      | Bought a scroll of identify for 22 gold pieces
 10070 | Lair:1   | Entered Level 1 of the Lair of Beasts
 10212 | D:11     | Noticed Erica
 10219 | D:11     | Killed Erica
 10598 | D:11     | Reached skill level 5 in Dodging
 10876 | D:11     | Noticed Urug
 10886 | D:11     | Killed Urug
 11254 | D:11     | Noticed Psyche
 11260 | D:11     | Killed Psyche
 11381 | D:11     | Noticed a frost giant
 11386 | D:11     | Killed from afar by a frost giant

Illustrated notes

Levels and vault maps discovered:
D:1:      spicycebolla_arrival_clurvy, layout_loops_cross,
          hellmonk_ecumenical_altar_inner_sanctum
D:2:      layout_loops_ring, minmay_vboxes, uniq_robin
D:3:      layout_basic
D:4:      layout_loops_ring, kennysheep_slug_shrine, serial_shops,
          nicolae_shop_statue_plus, minmay_misc_feat_plants, hex_medium
D:5:      layout_basic, portal_sewer_entry_a, uniq_ijyb, uniq_duvessa
D:6:      layout_cave_pods, minmay_temple_entry_sparse_star
D:7:      layout_loops_ring, mainiacjoe_overflow_tiny_flanked, enter_bailey_2,
          minmay_misc_feat_chi, ebering_dispersal_statue_hall,
          grunt_decor_arrowhead
D:8:      layout_rooms, mainiacjoe_overflow_alcove_1, nicolae_titane
D:9:      old_forge, layout_long_grid, lemuel_coloured_pillars_altar,
          serial_shops, shop, uniq_pikel
D:10:     layout_small_grid, mainiacjoe_overflow_cross_hatched,
          mainiacjoe_overflow_24_doors, minmay_lair_entry_grove,
          minmay_beelzebubs_servants
D:11:     layout_loops_cross, chequers_mini_garden, roderic_lattice_a,
          kennysheep_just_a_vault, uniq_urug, uniq_psyche, uniq_erica
Lair:1:   kb_forest_paths, layout_regular_city,
          gammafunk_ghost_wrathful_warriors, tgw_fedhas, uniq_maggie,
          uniq_gastronok

Skill      XL: |  1  2  3  4  5  6  7  8  9 10 11 |
---------------+----------------------------------+-----
Maces & Flails | 4 |  4.6
Fighting       | 4 5 6 8 9 |  9.1
Throwing       | 1 2 3 4 6 7 9 11 | 11.1
Polearms       | 1 2 3 5 6 8 10 12 13 | 13.9
Armour         | 3 4 5 6 7 8 |  8.3
Dodging        | 3 4 5 |  5.2

Action                   |  1- 3 |  4- 6 |  7- 9 | 10-12 || total
-------------------------+-------+-------+-------+-------++-------
Melee: Mace              |    47 |       |       |       ||    47
       Headbutt          |     8 |     6 |    10 |    21 ||    45
       Glaive            |    11 |    75 |   163 |   160 ||   409
Throw: Stone             |     4 |    26 |    46 |    32 ||   108
       Boomerang         |       |    17 |    31 |    65 ||   113
Invok: Berserk           |     2 |       |     4 |     1 ||     7
  Use: Scroll            |     7 |     6 |     5 |    12 ||    30
       Potion            |       |       |       |     6 ||     6
Armor: Animal skin       |    13 |       |       |       ||    13
       Chain mail        |       |    50 |    10 |       ||    60
       Ring mail         |       |       |    86 |    74 ||   160
       Plate armour      |       |       |     1 |       ||     1
Dodge: Dodged            |    45 |    23 |    93 |    95 ||   256
